 Dungeon Crawl Stone Soup version 0.30-a0-358-g0d69a1922f (webtiles) character file.

Game seed: 14327439367844432862

0 gamesnag the Caller (level 1, 0/10 HPs)
             Began as a Tengu Summoner on Nov 10, 2022.
             Slain by a goblin
             ... wielding a +0 dagger
              (4 damage)
             ... on level 1 of the Dungeon.
             The game lasted 00:01:38 (68 turns).

gamesnag the Caller (Tengu Summoner)                  Turns: 68, Time: 00:01:39

Health: 0/10       AC:  2    Str:  6 (8)  XL:     1   Next: 10%
Magic:  4/4        EV: 12    Int: 12 (15) God:
Gold:   8          SH:  0    Dex: 11 (14) Spells: 3/4 levels left

rFire   . . .      SeeInvis .    (no weapon)
rCold   . . .      Faith    .    (no shield)
rNeg    . . .      Spirit   .    a - +0 robe
rPois   .          Reflect  .    (helmet restricted)
rElec   .          Harm     .    (no cloak)
rCorr   .          Rampage  .    (no gloves)
Will    .....                    (boots unavailable)
Stlth   ++........               (no amulet)
HPRegen 0.21/turn                (no ring)
MPRegen 0.09/turn                (no ring)

@: no status effects
A: beak, talons 3
a: no special abilities


You were on level 1 of the Dungeon.
You visited 1 branch of the dungeon, and saw 1 of its levels.

You collected 8 gold pieces.

Inventory:

Armour
 a - a +0 robe (worn)
 e - a +0 troll leather armour
Scrolls
 d - a scroll of identify {unknown}
Potions
 b - a potion of magic


   Skills:
 + Level 0.2 Fighting
 + Level 2.1 Dodging
 + Level 2.0 Stealth
 + Level 2.0 Spellcasting
 + Level 4.8 Summonings


You had 3 spell levels left.
You knew the following spells:

 Your Spells              Type           Power      Damage    Failure   Level
a - Summon Small Mammal   Summ           48%        N/A       3%          1

Your spell library contained the following spells:

 Spells                   Type           Power      Damage    Failure   Level
 Call Imp                 Summ           12%        N/A       5%          2
 Call Canine Familiar     Summ           12%        N/A       11%         3
 Summon Guardian Golem    Hex/Summ       6%         N/A       30%         3
 Summon Lightning Spire   Summ/Air       6%         N/A       71%         4


Dungeon Overview and Level Annotations

Branches:
Dungeon (1/15)

Altars:


Innate Abilities, Weirdness & Mutations

You have a beak for a mouth.
You have claws for feet.


Message History

A goblin comes into view. It is wielding a +0 dagger.
The bat closely misses you. The bat hits you but does no damage.
The bat hits you but does no damage. The bat barely misses you.
You closely miss the ball python. Your kick misses the ball python.
The ball python barely misses you. The ball python grabs you.
The ball python constricts you. The bat hits you but does no damage.
The ball python bites you. The ball python constricts you.
You hit the ball python.
You peck the ball python, but do no damage.
The ball python is severely wounded.
The bat closely misses you.
The ball python bites you but does no damage.
The ball python constricts you.
You closely miss the ball python.
The ball python is severely wounded.
The bat hits you but does no damage. The ball python closely misses you.
The ball python constricts you.
You barely miss the ball python. You claw the ball python.
You kill the ball python!
The bat barely misses you.
You closely miss the goblin. You claw the goblin.
The goblin is moderately wounded.
The bat hits you. x2; The goblin hits you with a +0 dagger.
* * * LOW HITPOINT WARNING * * *
You are too injured to fight recklessly!
There are monsters nearby!
There are monsters nearby!
There are monsters nearby!
There are monsters nearby!
There are monsters nearby!
There are monsters nearby!
It was a potion of degeneration.
There was something very wrong with that liquid.
You feel weakened.
You feel dopey.
You feel clumsy. The bat barely misses you. The goblin closely misses you.
You hit the goblin but do no damage.
The goblin is moderately wounded.
The bat completely misses you. The goblin hits you with a +0 dagger.
You die...

....#. #.#.###.#.#
......##.#........
.......>..........
........#........
.....................
..... #b........# ....#
#.......# #..# #@g†.!..#
#..## ##.......##
#..###.........###
##.................
##...................
#.###....................
#.....#.........<........
#.###...............[....
#.#.................


You could see a goblin and a bat.

Vanquished Creatures
  A ball python (D:1)
1 creature vanquished.

Notes
Turn   | Place    | Note
-------+----------+-------------------------------------------
     0 | D:1      | gamesnag the Tengu Summoner began the quest for the Orb.
     0 | D:1      | Reached XP level 1. HP: 10/10 MP: 4/4
    68 | D:1      | Slain by a goblin

Illustrated notes

Levels and vault maps discovered:
D:1:      minmay_arrival_four_circles, layout_basic

Action                   || total
-------------------------++-------
Melee: Unarmed           ||     6
       Kick              ||     2
       Peck              ||     1
  Use: Potion            ||     1
Armor: Robe              ||     5
Dodge: Dodged            ||    11

Table legend: (Time is in decaauts)
 A = Elapsed time spent in this place.
 B = Non-inter-level travel time spent in this place.
 C = Inter-level travel time spent in this place.
 D = Time resting spent in this place.
 E = Time spent auto-exploring this place.
 F = Levels seen in this place.
 G = Mean time per level.
                   A        B        C        D        E       F      G
               +--------+--------+--------+--------+--------+-----+--------+
         Total |     68 |     68 |      0 |      0 |      0 |   1 |   68.0 |
       Dungeon |     68 |     68 |      0 |      0 |      0 |   1 |   68.0 |
               +--------+--------+--------+--------+--------+-----+--------+

Top non-repeatable levels by time:
     D:1: 68 daAuts
